 Dungeon Crawl Stone Soup version 0.26.0-20-g3ca415f5b8 (webtiles) character file.

Game seed: 7485759906892599777

759 kaeus the Firebug (level 7, 0/36 HPs)
             Began as a Gargoyle Fire Elementalist on Jan 24, 2021.
             Slain by Dowan
             ... wielding a +0 dagger
              (3 damage)
             ... on level 4 of the Dungeon.
             The game lasted 00:05:47 (5469 turns).

kaeus the Firebug (Gargoyle Fire Elementalist)      Turns: 5469, Time: 00:05:48

Health: 0/36       AC:  6    Str: 11    XL:     7   Next: 80%
Magic:  5/12       EV: 12    Int: 18    God:
Gold:   165        SH:  0    Dex: 10    Spells: 12/13 levels left

rFire    . . .     SeeInvis .   n - +1 morningstar (protect)
rCold    . . .     Faith    .   (no shield)
rNeg     + . .     Spirit   .   a - +0 robe
rPois    ∞         Reflect  .   (no helmet)
rElec    +         Harm     .   (no cloak)
rCorr    +         Rampage  .   (no gloves)
Will     .....                  (no boots)
Stlth    ++........             (no amulet)
HPRegen  0.12/turn              j - ring of resist corrosion
MPRegen  0.13/turn              (no ring)

@: flying
A: negative energy resistance 1, electricity resistance, unbreathing,
petrification resistance, miasma immunity, AC +4
a: no special abilities


You were on level 4 of the Dungeon.
You visited 1 branch of the dungeon, and saw 4 of its levels.

You collected 165 gold pieces.

Inventory:

Hand Weapons
 n - a +1 morningstar of protection (weapon)
Armour
 a - a +0 robe (worn)
Jewellery
 j - a ring of resist corrosion (left hand)
 u - an uncursed ring of positive energy {unknown}
Wands
 t - a wand of flame (37)
Scrolls
 c - 7 scrolls of identify {unknown}
 g - 2 scrolls of fear {unknown}
 h - 2 scrolls of fog {unknown}
 i - 5 scrolls of teleportation {unknown}
 k - a scroll of enchant weapon {unknown}
 m - a scroll of amnesia {unknown}
 o - a scroll of remove curse {unknown}
Potions
 b - a potion of ambrosia {unknown}
 d - a potion of mutation {unknown}
 e - 2 potions of flight
 f - a potion of degeneration {unknown}
 l - a potion of curing {unknown}
 q - a potion of brilliance {unknown}
 r - 2 potions of cancellation {unknown}
 s - a potion of might


   Skills:
 - Level 1.5 Dodging
 - Level 2.1 Stealth
 + Level 3.9 Spellcasting
 * Level 5.8 Conjurations
 * Level 6.1 Fire Magic


You had 12 spell levels left.
You knew the following spells:

 Your Spells              Type           Power        Failure   Level
a - Foxfire               Conj/Fire      96%          1%          1

Your spell library contained the following spells:

 Spells                   Type           Power        Failure   Level
 Conjure Flame            Conj/Fire      24%          3%          3
 Inner Flame              Hex/Fire       14%          13%         3
 Sticky Flame             Conj/Fire      24%          13%         4
 Fireball                 Conj/Fire      12%          34%         5


Dungeon Overview and Level Annotations

Branches:
Dungeon (4/15)
 Temple: D:4-7

Altars:
Dithmenos
Nemelex Xobeh
Trog
Wu Jian
Xom

Annotations:
D:4 Dowan


Innate Abilities, Weirdness & Mutations

You are resistant to torment.
Your stone body is resilient. (AC +4)
You are immune to poison.
You resist negative energy. (rN+)
You are resistant to electric shocks. (rElec)
You can survive without breathing.
You are immune to petrification.
You are immune to miasma.


Message History

* * * LOW HITPOINT WARNING * * *
You take 11 damage, and have 2/36 hp.
MASSIVE DAMAGE!!
Your foxfire dissipates!
Dowan closely misses you.
You feel much better. Dowan hits you with a +0 dagger.
You regained 22 hp, and now have 24/36 hp.
Dowan closely misses you. Dowan hits you but does no damage.
Dowan says, "Her death will not be in vain!"
Dowan completely misses you. Dowan casts a spell at you.
The shard of ice hits you!!
Ouch! That really hurt!
* * * LOW HITPOINT WARNING * * *
You take 22 damage, and have 3/36 hp.
MASSIVE DAMAGE!!
Dowan hits you but does no damage.
Casting: Foxfire (safe; 1% risk of failure)
Confirm with . or Enter, or press ? or * to list all spells.
You conjure some foxfire!
Dowan hits you with a +0 dagger.
You die...

#####.##.#.##..._......#
#........#.###.⌠.⌠#.##.#
#.###.####.......##....#
#.# #.# #####..###.#...
#.# #.# #.#...##..# #.#
#.# #.##.###.(# #.# #.#
#.##.......
#.###.########.#########
#.....e@v....#.# #.
#####.######.#.########.
#.# #............
#.################.#
#......###########.#
######..).......)...
#############>. ###


You could see Dowan (fast).

Vanquished Creatures
  Menkaure (D:4)
  Duvessa (D:4)
  Blork the orc (D:4)
  2 scorpions (D:3)
  A hound (D:4)
  Natasha (thrice) (D:3)
  An orc wizard (D:2)
  A worker ant (D:4)
  Terence (D:3)
  A hound skeleton (D:4)
  5 adders
  4 gnolls (D:3)
  3 worms
  2 dart slugs
  2 leopard geckos
  11 orcs
  A ball python (D:1)
  9 bats
  3 giant cockroaches
  8 goblins
  7 hobgoblins
  8 jackals
  4 kobolds
  A quokka (D:3)
  8 frilled lizards
  A jackal skeleton (D:4)
  13 rats
103 creatures vanquished.

Vanquished Creatures (others)
  290 foxfires
290 creatures vanquished.

Grand Total: 393 creatures vanquished

Notes
Turn   | Place    | Note
-------+----------+-------------------------------------------
     0 | D:1      | kaeus the Gargoyle Fire Elementalist began the quest for
                  | the Orb.
     0 | D:1      | Reached XP level 1. HP: 10/10 MP: 3/3
   379 | D:1      | Reached XP level 2. HP: 15/15 MP: 0/5
  1088 | D:1      | Reached XP level 3. HP: 19/19 MP: 1/6
  2081 | D:2      | Found a shadowy altar of Dithmenos.
  2081 | D:2      | Found an ornate altar of the Wu Jian Council.
  2217 | D:2      | Found a shimmering altar of Xom.
  2377 | D:2      | Reached XP level 4. HP: 24/24 MP: 0/7
  2766 | D:3      | Reached skill level 4 in Fire Magic
  3244 | D:2      | Reached XP level 5. HP: 19/28 MP: 7/9
  3533 | D:3      | Noticed Terence
  3542 | D:3      | Killed Terence
  3955 | D:3      | Found a bloodstained altar of Trog.
  4102 | D:4      | Noticed Natasha
  4114 | D:3      | Reached XP level 6. HP: 23/32 MP: 6/10
  4315 | D:3      | Killed Natasha
  4353 | D:3      | Reached skill level 5 in Fire Magic
  4391 | D:3      | Noticed Natasha
  4394 | D:3      | Killed Natasha
  4440 | D:3      | Noticed Natasha
  4454 | D:3      | Killed Natasha
  4738 | D:4      | Reached XP level 7. HP: 36/36 MP: 9/12
  4794 | D:4      | Noticed Menkaure
  4799 | D:4      | Killed Menkaure
  4800 | D:4      | Reached skill level 5 in Conjurations
  5019 | D:4      | Noticed Blork the orc
  5027 | D:4      | Killed Blork the orc
  5230 | D:4      | Found a sparkling altar of Nemelex Xobeh.
  5423 | D:4      | Noticed Duvessa
  5427 | D:4      | Noticed Dowan
  5438 | D:4      | Killed Duvessa
  5439 | D:4      | Reached skill level 6 in Fire Magic
  5469 | D:4      | Slain by Dowan

Illustrated notes

Levels and vault maps discovered:
D:1:      tarquinn_simple_flora_water_b, layout_loops_corners
D:2:      layout_loops_ring, general_overflow_altar,
          chequers_temple_overflow_statue_of_worship
D:3:      layout_basic, marbit_many_paths, uniq_terence
D:4:      layout_loops_ring, nemelex_xobeh_ov_fountains_minmay, uniq_duvessa,
          uniq_menkaure, uniq_blork_the_orc, uniq_natasha

Skill      XL: |  1  2  3  4  5  6  7 |
---------------+----------------------+-----
Conjurations   | 2 3 4 5 |  5.8
Fire Magic     | 4 5 6 |  6.1
Spellcasting   | 3 |  3.9
Dodging        | |  1.5
Stealth        | |  2.1

Action                   |  1- 3 |  4- 6 |  7- 9 || total
-------------------------+-------+-------+-------++-------
Melee: Dagger            |    43 |       |       ||    43
       Hand axe          |    34 |    32 |       ||    66
       Morningstar       |       |    42 |    34 ||    76
 Cast: Foxfire           |    95 |   105 |    43 ||   243
  Use: Potion            |       |       |     3 ||     3
Armor: Robe              |    16 |    36 |     9 ||    61
Dodge: Dodged            |    48 |    84 |    30 ||   162
